 Dungeon Crawl Stone Soup version 0.26-a0-1184-g95e395e029 (webtiles) character file.

Game seed: 2616918196325411908

7902 runemasterragnar the Fighter (level 11, 0/95 HPs)
             Began as a Minotaur Delver on Dec 27, 2020.
             Was an Elder of Okawaru.
             Slain by Gastronok (14 damage)
             ... on level 8 of the Dungeon.
             The game lasted 00:15:02 (13454 turns).

runemasterragnar the Fighter (Minotaur Delver)     Turns: 13454, Time: 00:15:03

Health: 0/95       AC: 10    Str: 19    XL:     11   Next: 2%
Magic:  11/11      EV: 16    Int: 13    God:    Okawaru [****..]
Gold:   381        SH:  0    Dex: 13    Spells: 10/10 levels left

rFire    . . .     SeeInvis .   E - +1 executioner's axe
rCold    . . .     Faith    .   (shield currently unavailable)
rNeg     . . .     Spirit   .   s - +0 scale mail
rPois    .         Reflect  .   (helmet restricted)
rElec    .         Harm     .   (no cloak)
rCorr    .         Rampage  .   A - +0 pair of gloves
Will     .....                  x - +0 pair of boots
Stlth    +.........             (no amulet)
HPRegen  0.25/turn              m - +6 ring of intelligence
MPRegen  0.12/turn              r - ring of flight

@: studying Crossbows
A: retaliatory headbutt, horns 2, repulsion field 1, low mp 1
a: Renounce Religion, Evoke Flight, Heroism


You were on level 8 of the Dungeon.
You worshipped Okawaru.
Okawaru was greatly pleased with you.
You visited 2 branches of the dungeon, and saw 10 of its levels.
You also visited: Sewer.

You collected 701 gold pieces.
You spent 320 gold pieces at shops.

Inventory:

Hand Weapons
 k - a +2 trident of freezing
 E - a +1 executioner's axe (weapon)
Missiles
 z - 56 bolts
Armour
 s - a +0 scale mail (worn)
 w - a +3 leather armour
 x - a +0 pair of boots (worn)
 A - a +0 pair of gloves (worn)
Jewellery
 m - a +6 ring of intelligence (left hand)
 r - a ring of flight (right hand)
Wands
 g - a wand of digging (25)
 h - a wand of paralysis (3)
Scrolls
 c - 3 scrolls of fog
 d - 4 scrolls of magic mapping
 i - a scroll of enchant weapon
 j - 3 scrolls of amnesia
 o - a scroll of immolation
 p - a scroll of teleportation
 q - a scroll of random uselessness
 y - 2 scrolls of remove curse
Potions
 f - 2 potions of haste
 l - a potion of brilliance
 n - 2 potions of might
 t - 5 potions of flight
 u - a potion of invisibility {unknown}
 v - 2 potions of curing
 B - a potion of attraction
 C - a potion of ambrosia
Books
 b - a manual of Crossbows


   Skills:
 + Level 8.6 Fighting
 + Level 5.5(6.6) Axes
 - Level 5.6(7.1) Polearms
 + Level 3.2(4.9) Staves
 + Level 4.2 Crossbows
 + Level 7.7 Armour
 + Level 7.4 Dodging
 - Level 4.1 Stealth
 + Level 7.0 Unarmed Combat
 + Level 4.3 Invocations
 + Level 5.8 Evocations


You had 10 spell levels left.
You didn't know any spells.
Your spell library contained the following spells:

 Spells                   Type           Power        Failure   Level
 Animate Skeleton         Necr           0%           63%         1
 Apportation              Tloc           0%           63%         1
 Corona                   Hex            0%           63%         1
 Summon Small Mammal      Summ           0%           63%         1


Dungeon Overview and Level Annotations

Branches:
Dungeon (9/15)             Temple (1/1) D:7           Sewer (visited)
   Lair: D:8-11         Orc: D:9-12

Altars:
Ashenzari
Cheibriados
Dithmenos
Elyvilon
Fedhas
Gozag
Hepliaklqana
Kikubaaqudgha
Makhleb
Nemelex Xobeh
Okawaru
Qazlal
Ru
Sif Muna
Trog
Uskayaw
Vehumet
Wu Jian
Xom
Yredelemnul
Zin
The Shining One

Shops:
D:7 !((!*

Annotations:
D:8 Gastronok


Innate Abilities, Weirdness & Mutations

You reflexively headbutt those who attack you in melee.
You have a pair of horns on your head.
You are surrounded by a mild repulsion field. (EV +2)
Your magical capacity is low. (-10% MP)


Message History

You slash Gastronok!
Gastronok is almost dead.
The bat closely misses you. You furiously retaliate!
You headbutt the bat. The bat barely misses you.
Unknown command.
You hit Gastronok but do no damage.
Gastronok is almost dead.
You slash the bat!
You kill the bat!
The bat's corpse disappears in a puff of smoke!
Gastronok bites you but does no damage.
Unknown command.
You barely miss Gastronok. You headbutt Gastronok!
Gastronok is almost dead.
Gastronok bites you but does no damage.
Unknown command.
You slash Gastronok!
Gastronok is almost dead.
Gastronok bites you!
You die...

.........#......#.# #####.......
...##.##.#...####.# #...........
####...#)#...####.# #..<....#...
........[.........# ##.......#...
######.#########..# #w...........
...............#..# #........#...
######.#######.#..# #..(.....#...
#.# #.# #....# #........#... #.#
##.##### ###@####........#†..
#.###......#####w............#...
#...................##.......#...
#.###...............##.......#...
#.###...............##.(.....#...
........##.<........##########...
#.#####.##..........# #..! #.#
#.##..........# ####
#.#####.##..........#


You could see Gastronok (swift).

Vanquished Creatures
  Pikel (D:4)
  Maurice (D:9)
  Joseph (D:8)
  Psyche (D:8)
  A centaur skeleton (D:8)
  A troll (D:7)
  Prince Ribbit (D:5)
  4 yaks (D:9)
  A wyvern (D:9)
  Duvessa (D:4)
  2 sky beasts
  2 orc warriors
  An ice beast (D:8)
  A black bear (D:6)
  3 phantoms
  2 necrophages (D:9)
  8 ogres
  2 hornet zombies
  A centaur (D:9)
  2 lemures (D:4)
  Blork the orc (D:4)
  3 big kobolds
  A gnoll sergeant (D:6)
  7 bullfrogs
  Dowan (D:4)
  2 scorpions
  3 wyvern skeletons
  3 wights (D:8)
  2 howler monkeys (D:7)
  2 bullfrog zombies
  2 jellies (D:9)
  6 orc priests
  2 hounds (D:9)
  11 orc wizards
  3 bullfrog skeletons
  4 iguanas
  Natasha (thrice) (D:4)
  12 worker ants
  A hound zombie (D:6)
  3 hound skeletons
  A worker ant zombie (D:9)
  Robin (D:4)
  9 adders
  10 gnolls
  6 river rats
  3 shadow imps
  2 white imps
  An ufetubus (D:5)
  4 adder skeletons
  5 worms
  7 dart slugs
  6 leopard geckos
  21 orcs
  7 giant cockroaches
  12 goblins
  15 hobgoblins
  8 jackals
  22 kobolds
  6 quokkas
  4 ball pythons
  A ball python skeleton (D:5)
  10 bats
  7 frilled lizards
  2 leopard gecko skeletons
  A leopard gecko zombie (D:6)
  11 rats
291 creatures vanquished.

Vanquished Creatures (others)
  An orc (D:3)
  4 jackals (D:3)
  A plant (D:7)
6 creatures vanquished.

Grand Total: 297 creatures vanquished

Notes
Turn   | Place    | Note
-------+----------+-------------------------------------------
     0 | D:5      | runemasterragnar the Minotaur Delver began the quest for
                  | the Orb.
     0 | D:5      | Reached XP level 1. HP: 19/19 MP: 0/0
    20 | D:5      | Reached skill level 1 in Armour
    20 | D:5      | Reached XP level 2. HP: 11/27 MP: 1/1
   240 | D:5      | Reached skill level 4 in Fighting
   240 | D:5      | Reached skill level 1 in Unarmed Combat
   240 | D:5      | Reached XP level 3. HP: 29/33 MP: 2/2
   393 | D:5      | Reached skill level 1 in Evocations
   393 | D:5      | Reached XP level 4. HP: 40/40 MP: 3/3
   769 | D:5      | Reached XP level 5. HP: 47/47 MP: 4/4
   808 | D:5      | Noticed an ogre
   815 | D:5      | Killed an ogre
   816 | D:5      | Reached skill level 1 in Polearms
  1068 | D:5      | Reached XP level 6. HP: 48/53 MP: 5/5
  1071 | D:5      | Noticed Prince Ribbit
  1083 | D:5      | Killed Prince Ribbit
  1084 | D:5      | Reached skill level 5 in Fighting
  1419 | D:5      | Reached XP level 7. HP: 42/61 MP: 6/6
  2409 | D:6      | HP: 2/61 [black bear (6)]
  2414 | D:6      | HP: 2/91 [poisoned by a worker ant]
  3008 | D:6      | Reached XP level 8. HP: 43/70 MP: 7/7
  3352 | D:6      | Reached skill level 6 in Fighting
  3580 | D:6      | Reached skill level 5 in Armour
  3979 | D:6      | Reached skill level 5 in Dodging
  4407 | D:7      | Found a staircase to the Ecumenical Temple.
  4417 | Temple   | Entered the Ecumenical Temple
  4638 | Temple   | Became a worshipper of Warmaster Okawaru
  4694 | D:7      | Found Xeafecw's Distillery.
  4802 | D:4      | Noticed Natasha
  4814 | D:4      | Killed Natasha
  4869 | D:4      | Noticed Pikel
  4890 | D:4      | Gained mutation: Scrolls take you a little longer to read.
                  | [potion of mutation]
  4890 | D:4      | Gained mutation: You have sharp toenails. [potion of
                  | mutation]
  4895 | D:4      | Killed Pikel
  4895 | D:4      | Reached * piety under Okawaru
  4896 | D:4      | Reached skill level 5 in Polearms
  4896 | D:4      | Reached skill level 5 in Unarmed Combat
  4896 | D:4      | Reached skill level 1 in Invocations
  4896 | D:4      | Reached XP level 9. HP: 63/78 MP: 7/9
  5211 | D:3      | Reached skill level 7 in Fighting
  5423 | D:3      | Found a glowing drain.
  5428 | Sewer    | Entered a sewer
  5556 | Sewer    | Found a white marble altar of Elyvilon.
  6575 | D:1      | Lost mutation: Scrolls take you a little longer to read.
                  | [potion of mutation]
  6575 | D:1      | Lost mutation: You have sharp toenails. [potion of
                  | mutation]
  6575 | D:1      | Gained mutation: Your magical capacity is low. (-10% MP)
                  | [potion of mutation]
  6575 | D:1      | Gained mutation: You are surrounded by a mild repulsion
                  | field. (EV +2) [potion of mutation]
  7969 | D:4      | Found a shadowy altar of Dithmenos.
  7970 | D:4      | Found a hide-covered altar of Uskayaw.
  8131 | D:4      | Noticed Dowan
  8137 | D:4      | Noticed Duvessa
  8149 | D:4      | Killed Duvessa
  8151 | D:4      | Killed Dowan
  8225 | D:4      | Noticed Blork the orc
  8229 | D:4      | Killed Blork the orc
  8302 | D:4      | Noticed Robin
  8309 | D:4      | Noticed Natasha
  8318 | D:4      | Killed Natasha
  8324 | D:4      | Killed Robin
  8329 | D:4      | Noticed Natasha
  8335 | D:4      | Killed Natasha
  8335 | D:4      | Reached ** piety under Okawaru
  9061 | D:7      | Found Rucvu's General Store.
  9274 | D:7      | Found a broken altar of Ashenzari.
  9293 | D:7      | Noticed a troll
  9303 | D:7      | Killed a troll
  9304 | D:7      | Reached XP level 10. HP: 54/88 MP: 10/10
  9497 | D:7      | Reached skill level 5 in Evocations
  9524 | D:7      | Found Kimuyxec's Antique Weapon Shop.
  9532 | D:7      | Bought an executioner's axe for 320 gold pieces
  9790 | D:7      | Found Mymiff's Antique Weapon Shoppe.
  9978 | D:7      | Found Gorch's Distillery.
 10167 | D:8      | Noticed Joseph
 10169 | D:8      | Noticed Psyche
 10169 | D:8      | Paralysed by Joseph for 6 turns
 10180 | D:8      | Killed Joseph
 10180 | D:8      | Reached *** piety under Okawaru
 10181 | D:8      | Reached skill level 1 in Staves
 10181 | D:8      | Reached skill level 1 in Crossbows
 10578 | D:8      | Reached skill level 8 in Fighting
 10960 | D:8      | Killed Psyche
 11298 | D:8      | Noticed Gastronok
 12193 | D:9      | Reached skill level 5 in Axes
 12213 | D:9      | Reached **** piety under Okawaru
 12266 | D:9      | Noticed a purple ugly thing
 12657 | D:9      | Found a sparkling altar of Nemelex Xobeh.
 13031 | D:9      | Noticed a deep elf mage
 13039 | D:9      | Noticed Maurice
 13050 | D:9      | Killed Maurice
 13051 | D:9      | Reached XP level 11. HP: 13/95 MP: 11/11
 13454 | D:8      | Slain by Gastronok

Illustrated notes

Levels and vault maps discovered:
D:1:      sevenhm_arrival_forest_fort_small_4, layout_rooms,
          minmay_misc_feat_nine_boxes, chequers_hall_statues_wall_a
D:2:      layout_loops_corners
D:3:      layout_loops_ring, lightli_sewer_entry_pipes, lemuel_flame_loot_1
D:4:      layout_layer_cave, gammafunk_temple_overflow_pools, uniq_natasha,
          uniq_robin, uniq_blork_the_orc, uniq_pikel, uniq_duvessa
D:5:      layout_basic, chequers_serial_rivers_micro_b,
          kennysheep_generic_room_11, uniq_prince_ribbit1
D:6:      layout_basic, minmay_strange_pillars
D:7:      layout_layer_cave, kennysheep_mini, minmay_temple_entry_glass,
          serial_shops, shop, nicolae_shop_overgrown_old_shop, shop_fountains,
          nicolae_shop_statue_plus, shop, minmay_manual_monstrance
D:8:      layout_basic, uniq_psyche, uniq_joseph, uniq_gastronok
D:9:      minmay_the_grid_triangle_9x9_rhombus_thin_mashed
          [minmay_the_grid_triangle_9x9_skeleton,
          minmay_the_grid_triangle_9x9_prize_schism,
          minmay_the_grid_triangle_9x9_odd_lines,
          minmay_the_grid_triangle_9x9_pentomino_pain], layout_loops_ring,
          marbit_many_paths, minmay_misc_feat_plants, uniq_maurice
Temple:   dpeg_five_rooms_temple

Skill      XL: |  1  2  3  4  5  6  7  8  9 10 |
---------------+-------------------------------+-----
Armour         | 1 2 3 4 5 6 7 |  7.7
Fighting       | 4 5 6 7 8 |  8.6
Unarmed Combat | 1 2 3 5 6 7 |  7.0
Axes           | 3 4 5 |  5.5
Evocations     | 1 2 3 4 5 |  5.8
Dodging        | 3 4 5 6 7 |  7.4
Polearms       | 1 2 3 5 |  5.6
Invocations    | 1 3 4 |  4.3
Staves         | 3 |  3.2
Crossbows      | 4 |  4.2
Stealth        | |  4.1

Action                   |  1- 3 |  4- 6 |  7- 9 | 10-12 || total
-------------------------+-------+-------+-------+-------++-------
Melee: Hand axe          |    28 |    12 |       |       ||    40
       Headbutt          |       |     8 |    65 |    43 ||   116
       Glaive            |       |    41 |    94 |       ||   135
       Trident           |       |       |   348 |       ||   348
       Kick              |       |       |    23 |       ||    23
       Punch             |       |       |     9 |       ||     9
       Battleaxe         |       |       |    68 |     5 ||    73
       Executioner's axe |       |       |       |   187 ||   187
Evoke: Wand              |       |     2 |     3 |     8 ||    13
  Use: Potion            |       |     1 |     6 |     6 ||    13
       Scroll            |       |       |     3 |    14 ||    17
 Stab: Sleeping          |       |     3 |     8 |     2 ||    13
       Distracted        |       |     1 |     1 |       ||     2
       Paralysed         |       |     4 |     6 |     5 ||    15
Armor: Leather armour    |     3 |     9 |    29 |       ||    41
       Skin              |       |       |     7 |       ||     7
       Scale mail        |       |       |    90 |   114 ||   204
Dodge: Dodged            |    21 |    33 |   308 |   201 ||   563

Table legend: (Time is in decaauts)
 A = Elapsed time spent in this place.
 B = Non-inter-level travel time spent in this place.
 C = Inter-level travel time spent in this place.
 D = Time resting spent in this place.
 E = Time spent auto-exploring this place.
 F = Levels seen in this place.
 G = Mean time per level.
                   A        B        C        D        E       F      G
               +--------+--------+--------+--------+--------+-----+--------+
         Total |  13753 |  13142 |    611 |   1855 |   9179 |  11 | 1250.3 |
       Dungeon |  13303 |  12755 |    548 |   1855 |   8841 |   9 | 1478.1 |
        Temple |    254 |    191 |     63 |      0 |    188 |   1 |  254.0 |
         Sewer |    195 |    195 |      0 |      0 |    150 |   1 |  195.0 |
               +--------+--------+--------+--------+--------+-----+--------+

Top non-repeatable levels by time:
     D:6: 2801 daAuts
     D:8: 2029 daAuts
     D:5: 1816 daAuts
     D:7: 1476 daAuts
     D:9: 1462 daAuts
     D:4: 1370 daAuts
     D:3: 1040 daAuts
     D:2: 851 daAuts
     D:1: 455 daAuts
  Temple: 254 daAuts
   Sewer: 195 daAuts
